TOP OF THE 1ST |
Jersey Shore D-Bags batting - Pitching for Toronto Titans : RHP José Gonzáles
|
Pitching: RHP José Gonzáles
|
|
Batting: RHB Ricardo González
|
0-0: Called Strike 0-1: Ball 1-1: Foul Ball, location: 2F 1-2: Foul Ball, location: 2F 1-2: Ground out 6-3 (Groundball, 6)
|
Batting: RHB Millard Boyd
|
0-0: Swinging Strike 0-1: DOUBLE (Line Drive, 9LS) - OUT at third base trying to stretch hit.
|
Batting: LHB Dave Dodd
|
0-0: Ball 1-0: Ground out 4-3 (Groundball, 4)
|
Top of the 1st over - 0 run(s), 1 hit(s), 0 error(s), 0 left on base; Jersey Shore 0 - Toronto 0 |
BOTTOM OF THE 1ST |
Toronto Titans batting - Pitching for Jersey Shore D-Bags : RHP Sergio Martínez
|
Pitching: RHP Sergio Martínez
|
|
Batting: SHB Ramón Lugo
|
0-0: Ball 1-0: DOUBLE (Flyball, 89XD)
|
Batting: LHB Kent MacDulothe
|
0-0: Foul Ball, location: 2F 0-1: Swinging Strike 0-2: Foul Ball, location: 2F 0-2: Foul Ball, location: 2F 0-2: Strikes out swinging
|
Batting: LHB José Rodríguez
|
0-0: Ground out 3-1 (Groundball, 3L) Ramón Lugo to third
|
Batting: LHB Roberto García
|
0-0: Ball 1-0: Ball 2-0: Called Strike 2-1: SINGLE (Line Drive, 78S) Ramón Lugo scores
|
Batting: SHB Álex Rosado
|
0-0: Called Strike 0-1: Called Strike 0-2: Fly out, F9 (Flyball, 9M)
|
Bottom of the 1st over - 1 run(s), 2 hit(s), 0 error(s), 1 left on base; Jersey Shore 0 - Toronto 1 |
TOP OF THE 2ND |
Jersey Shore D-Bags batting - Pitching for Toronto Titans : RHP José Gonzáles
|
Batting: LHB Pat Zimmerman
|
0-0: Called Strike 0-1: Fly out, F5 (Popup, 5F)
|
Batting: RHB Matt Doyle
|
0-0: Called Strike 0-1: Foul Ball, location: 2F 0-2: Strikes out looking
|
Batting: RHB Miguel Serna
|
0-0: Ground out 2-3 (Groundball, 2R)
|
Top of the 2nd over - 0 run(s), 0 hit(s), 0 error(s), 0 left on base; Jersey Shore 0 - Toronto 1 |
BOTTOM OF THE 2ND |
Toronto Titans batting - Pitching for Jersey Shore D-Bags : RHP Sergio Martínez
|
Batting: LHB Lewis Barr
|
0-0: Ball 1-0: Ball 2-0: Ball 3-0: Base on Balls
|
Batting: SHB Juan Gómez
|
0-0: Ball 1-0: Ball 2-0: Called Strike 2-1: Ball 3-1: Called Strike 3-2: Grounds into double play, 6-4-3 (Groundball, 6M)
|
Batting: LHB Matt Smith
|
0-0: Called Strike 0-1: Foul Ball, location: 2F 0-2: Foul Ball, location: 2F 0-2: Ball 1-2: Ball 2-2: Ball 3-2: Foul Ball, location: 2F 3-2: Strikes out swinging
|
Bottom of the 2nd over - 0 run(s), 0 hit(s), 0 error(s), 0 left on base; Jersey Shore 0 - Toronto 1 |
TOP OF THE 3RD |
Jersey Shore D-Bags batting - Pitching for Toronto Titans : RHP José Gonzáles
|
Batting: LHB Robert Phillips
|
0-0: Called Strike 0-1: Ball 1-1: SINGLE (Groundball, 4MD)
|
Batting: RHB Cy Keynes
|
0-0: Called Strike 0-1: Foul Ball, location: 2F 0-2: Hit by Pitch Robert Phillips to second
|
Batting: RHB Luis Ríos
|
0-0: Ball 1-0: Ball 2-0: Called Strike 2-1: Foul Ball, location: 2F 2-2: Foul Ball, location: 2F 2-2: Strikes out swinging
|
Batting: RHB Ricardo González
|
0-0: Foul Ball, location: 2F 0-1: Grounds into double play, 4-6-3 (Groundball, 4M)
|
Top of the 3rd over - 0 run(s), 1 hit(s), 0 error(s), 1 left on base; Jersey Shore 0 - Toronto 1 |
BOTTOM OF THE 3RD |
Toronto Titans batting - Pitching for Jersey Shore D-Bags : RHP Sergio Martínez
|
Batting: RHB Alberto Velásquez
|
0-0: Called Strike 0-1: Reached on error, E1 (Groundball, 13)
|
Batting: SHB Ramón Lugo
|
0-0: Called Strike 0-1: Ball 1-1: Ball 2-1: Swinging Strike 2-2: Foul Ball, location: 2F 2-2: Foul Ball, location: 2F 2-2: Ball 3-2: Foul Ball, location: 2F 3-2: SINGLE (Line Drive, 8LS) Alberto Velásquez to third
|
Batting: LHB Kent MacDulothe
|
0-0: Fly out, F4 (Line Drive, 4M) 0-0: Lined into DP, 4-5 (Line Drive, 4M)
|
Batting: LHB José Rodríguez
|
0-0: Ball 1-0: Ground out 6-3 (Groundball, 6)
|
Bottom of the 3rd over - 0 run(s), 1 hit(s), 1 error(s), 1 left on base; Jersey Shore 0 - Toronto 1 |
TOP OF THE 4TH |
Jersey Shore D-Bags batting - Pitching for Toronto Titans : RHP José Gonzáles
|
Batting: RHB Millard Boyd
|
0-0: Fly out, F3 (Popup, 3SF)
|
Batting: LHB Dave Dodd
|
0-0: Ball 1-0: Called Strike 1-1: Foul Ball, location: 2F 1-2: Foul Ball, location: 2F 1-2: Foul Ball, location: 2F 1-2: Foul Ball, location: 2F 1-2: Fly out, F3 (Popup, 3SF)
|
Batting: LHB Pat Zimmerman
|
0-0: Ground out 3-1 (Groundball, 34)
|
Top of the 4th over - 0 run(s), 0 hit(s), 0 error(s), 0 left on base; Jersey Shore 0 - Toronto 1 |
BOTTOM OF THE 4TH |
Toronto Titans batting - Pitching for Jersey Shore D-Bags : RHP Sergio Martínez
|
Batting: LHB Roberto García
|
0-0: Ball 1-0: Called Strike 1-1: Ground out 1-3 (Groundball, 25)
|
Batting: SHB Álex Rosado
|
0-0: Ball 1-0: Called Strike 1-1: Foul Ball, location: 2F 1-2: Strikes out swinging
|
Batting: LHB Lewis Barr
|
0-0: Called Strike 0-1: Ball 1-1: Ground out 4-3 (Groundball, 4)
|
Bottom of the 4th over - 0 run(s), 0 hit(s), 0 error(s), 0 left on base; Jersey Shore 0 - Toronto 1 |
TOP OF THE 5TH |
Jersey Shore D-Bags batting - Pitching for Toronto Titans : RHP José Gonzáles
|
Batting: RHB Matt Doyle
|
0-0: Ball 1-0: Ball 2-0: Ground out 5-3 (Groundball, 5)
|
Batting: RHB Miguel Serna
|
0-0: Ball 1-0: Ball 2-0: Fly out, F9 (Flyball, 9M)
|
Batting: LHB Robert Phillips
|
0-0: Ball 1-0: Ball 2-0: Ball 3-0: Called Strike 3-1: Base on Balls
|
Batting: RHB Cy Keynes
|
0-0: Ball 1-0: Foul Ball, location: 2F 1-1: Called Strike 1-2: Strikes out swinging
|
Top of the 5th over - 0 run(s), 0 hit(s), 0 error(s), 1 left on base; Jersey Shore 0 - Toronto 1 |
BOTTOM OF THE 5TH |
Toronto Titans batting - Pitching for Jersey Shore D-Bags : RHP Sergio Martínez
|
Batting: SHB Juan Gómez
|
0-0: Foul Ball, location: 2F 0-1: Ball 1-1: Ground out U3 (Groundball, 3)
|
Batting: LHB Matt Smith
|
0-0: Ball 1-0: SINGLE (Groundball, 3L)
|
Batting: RHB Alberto Velásquez
|
0-0: Ball 1-0: Ball 2-0: Ball Passed Ball! Matt Smith to second 3-0: Called Strike 3-1: Base on Balls
|
Batting: SHB Ramón Lugo
|
0-0: Swinging Strike 0-1: Ball 1-1: Ground out 3-1 (Groundball, 34) Matt Smith to third Alberto Velásquez to second
|
Batting: LHB Kent MacDulothe
|
0-0: Called Strike 0-1: SINGLE (Groundball, 34D) Matt Smith scores Alberto Velásquez to third Runner from 3rd tries for Home, SAFE, no throw or cutoff
|
Batting: LHB José Rodríguez
|
0-0: Ball 1-0: Foul Ball, location: 2F 1-1: Ball 2-1: Foul Ball, location: 2F 2-2: Strikes out looking
|
Bottom of the 5th over - 2 run(s), 2 hit(s), 0 error(s), 1 left on base; Jersey Shore 0 - Toronto 3 |
TOP OF THE 6TH |
Jersey Shore D-Bags batting - Pitching for Toronto Titans : RHP José Gonzáles
|
Batting: RHB Luis Ríos
|
0-0: DOUBLE (Groundball, 5L)
|
Batting: RHB Ricardo González
|
0-0: Swinging Strike 0-1: Foul Ball, location: 2F 0-2: Fly out, F9 (Flyball, 9D) Runner from 2nd tags up, SAFE at 3rd, no throw
|
Batting: RHB Millard Boyd
|
0-0: Called Strike 0-1: Ball 1-1: Ball 2-1: Foul Ball, location: 2F 2-2: Ball 3-2: Ground out 6-3 (Groundball, 56) Luis Ríos scores
|
Batting: LHB Dave Dodd
|
0-0: Ball 1-0: SINGLE (Groundball, 4M)
|
Batting: LHB Pat Zimmerman
|
0-0: Called Strike 0-1: Ground out 5-3 (Groundball, 56S)
|
Top of the 6th over - 1 run(s), 2 hit(s), 0 error(s), 1 left on base; Jersey Shore 1 - Toronto 3 |
BOTTOM OF THE 6TH |
Toronto Titans batting - Pitching for Jersey Shore D-Bags : RHP Sergio Martínez
|
Batting: LHB Roberto García
|
0-0: Foul Ball, location: 2F 0-1: Swinging Strike 0-2: Ball 1-2: Foul Ball, location: 2F 1-2: Ball 2-2: Ball 3-2: Base on Balls
|
Batting: SHB Álex Rosado
|
0-0: DOUBLE (Flyball, 89D) Roberto García to third Runner from 3rd tries for Home, SAFE, no throw or cutoff
|
Batting: LHB Lewis Barr
|
0-0: Ball 1-0: Ball 2-0: Foul Ball, location: 2F 2-1: Ball 3-1: Base on Balls
|
Batting: SHB Juan Gómez
|
0-0: Ball 1-0: Called Strike 1-1: Ball 2-1: Called Strike 2-2: Foul Ball, location: 2F 2-2: Ball 3-2: Foul Ball, location: 2F 3-2: Foul Ball, location: 2F 3-2: Fly out, F6 (Popup, 56D)
|
Pitching: RHP Johnathan Phillips
|
|
Batting: LHB Matt Smith
|
0-0: Fly out, F8 (Line Drive, 8RD)
|
Batting: RHB Alberto Velásquez
|
0-0: Called Strike 0-1: Swinging Strike 0-2: Ball 1-2: Strikes out swinging
|
Bottom of the 6th over - 1 run(s), 1 hit(s), 0 error(s), 2 left on base; Jersey Shore 1 - Toronto 4 |
TOP OF THE 7TH |
Jersey Shore D-Bags batting - Pitching for Toronto Titans : RHP José Gonzáles
|
Batting: RHB Matt Doyle
|
0-0: Ball 1-0: Foul Ball, location: 2F 1-1: Ball 2-1: Swinging Strike 2-2: Strikes out swinging
|
Batting: RHB Miguel Serna
|
0-0: Ball 1-0: Swinging Strike 1-1: Ball 2-1: Swinging Strike 2-2: Ball 3-2: Strikes out swinging
|
Batting: LHB Robert Phillips
|
0-0: Ball 1-0: SINGLE (Popup, 34D)
|
Batting: RHB Cy Keynes
|
0-0: Called Strike 0-1: Ball 1-1: Ground out U3 (Groundball, 3S)
|
Top of the 7th over - 0 run(s), 1 hit(s), 0 error(s), 1 left on base; Jersey Shore 1 - Toronto 4 |
BOTTOM OF THE 7TH |
Toronto Titans batting - Pitching for Jersey Shore D-Bags : RHP Johnathan Phillips
|
Batting: SHB Ramón Lugo
|
0-0: Ball 1-0: Foul Ball, location: 2F 1-1: Called Strike 1-2: Strikes out swinging
|
Batting: LHB Kent MacDulothe
|
0-0: Ball 1-0: Called Strike 1-1: Swinging Strike 1-2: Foul Ball, location: 2F 1-2: Ball 2-2: Strikes out looking
|
Batting: LHB José Rodríguez
|
0-0: Swinging Strike 0-1: Ball 1-1: Swinging Strike 1-2: Ball 2-2: Strikes out swinging
|
Bottom of the 7th over - 0 run(s), 0 hit(s), 0 error(s), 0 left on base; Jersey Shore 1 - Toronto 4 |
TOP OF THE 8TH |
Jersey Shore D-Bags batting - Pitching for Toronto Titans : RHP José Gonzáles
|
Pitching: RHP Pablo Cabral
|
|
Batting: RHB Luis Ríos
|
0-0: Called Strike 0-1: Foul Ball, location: 2F 0-2: Foul Ball, location: 2F 0-2: Ground out 6-3 (Groundball, 6)
|
Batting: RHB Ricardo González
|
0-0: Called Strike 0-1: Ball 1-1: Foul Ball, location: 2F 1-2: SINGLE (Groundball, 56D)
|
Batting: RHB Millard Boyd
|
0-0: Called Strike 0-1: Ball Wild Pitch! Ricardo González to second 1-1: Ball 2-1: Foul Ball, location: 2F 2-2: Ball 3-2: Fly out, F7 (Flyball, 7M)
|
Batting: LHB Dave Dodd
|
0-0: Called Strike 0-1: Foul Ball, location: 2F 0-2: Foul Ball, location: 2F 0-2: Strikes out looking
|
Top of the 8th over - 0 run(s), 1 hit(s), 0 error(s), 1 left on base; Jersey Shore 1 - Toronto 4 |
BOTTOM OF THE 8TH |
Toronto Titans batting - Pitching for Jersey Shore D-Bags : RHP Johnathan Phillips
|
Batting: LHB Roberto García
|
0-0: Ball 1-0: Ball 2-0: Ball 3-0: Called Strike 3-1: Base on Balls
|
Batting: SHB Álex Rosado
|
0-0: Ball 1-0: Ball 2-0: Ball 3-0: Called Strike 3-1: Swinging Strike 3-2: Base on Balls Roberto García to second
|
Batting: LHB Lewis Barr
|
0-0: Ball 1-0: Sac Bunt - play at third, runner OUT! 1-5 Álex Rosado to second
|
Pitching: LHP Hyo-chin Kim
|
|
Batting: SHB Juan Gómez
|
0-0: Ball 1-0: Swinging Strike 1-1: Swinging Strike 1-2: Strikes out swinging
|
Batting: LHB Matt Smith
|
0-0: Called Strike 0-1: Fly out, F8 (Line Drive, 78S)
|
Bottom of the 8th over - 0 run(s), 0 hit(s), 0 error(s), 2 left on base; Jersey Shore 1 - Toronto 4 |
TOP OF THE 9TH |
Jersey Shore D-Bags batting - Pitching for Toronto Titans : RHP Pablo Cabral
|
Pitching: LHP Braydon Schute
|
|
Batting: LHB Pat Zimmerman
|
0-0: Ball 1-0: Ball 2-0: Foul Ball, location: 2F 2-1: Ball 3-1: Reached on Error, E7 (Line Drive, 78S)
|
Batting: RHB Matt Doyle
|
0-0: Ball 1-0: Foul Ball, location: 2F 1-1: Fly out, F3 (Popup, 3F)
|
Batting: RHB Miguel Serna
|
0-0: Ball 1-0: SINGLE (Line Drive, 56) Pat Zimmerman to third Runner from 3rd tries for Home, SAFE, no throw or cutoff
|
Pinch Hitting: RHB Lawrence Yates
|
0-0: Ball 1-0: Called Strike 1-1: Ball 2-1: Fielders Choice at 2nd, 4-6 (Groundball, 4)
|
Batting: RHB Cy Keynes
|
0-0: Foul Ball, location: 2F 0-1: Ball 1-1: Ball 2-1: Ground out 5-3 (Groundball, 5)
|
Top of the 9th over - 1 run(s), 1 hit(s), 1 error(s), 1 left on base; Jersey Shore 2 - Toronto 4 |
|